 Dungeon Crawl Stone Soup version 0.25-a0-975-gcae8493d64 (webtiles) character file.

Game seed: 426890505999324182, levelgen mode: deterministic

110 Flugslaktarn the Shield-Bearer (level 4, 0/42 HPs)
             Began as a Deep Dwarf Fighter on May 10, 2020.
             Slain by a slave (1 damage)
             ... led by Pikel
             ... on level 4 of the Dungeon.
             The game lasted 00:00:27 (521 turns).

Flugslaktarn the Shield-Bearer (Deep Dwarf Fighter)  Turns: 521, Time: 00:00:28

Health: 0/42       AC:  8    Str: 21    XL:     4   Next: 61%
Magic:  2/2        EV:  7    Int:  8    God:
Gold:   56         SH:  9    Dex: 12    Spells: 3/3 levels left

rFire    . . .     SeeInvis .   a - +0 war axe
rCold    . . .     Gourm    .   c - +0 kite shield
rNeg     . . .     Faith    .   b - +0 scale mail
rPois    .         Spirit   .   i - +0 helmet
rElec    .         Reflect  .   (no cloak)
rCorr    .         Harm     .   (no gloves)
MR       .....                  (no boots)
Stlth    ..........             (no amulet)
HPRegen  0.00/turn              (no ring)
MPRegen  0.08/turn              (no ring)

@: non-regenerating
A: damage resistance, heal wounds, sense surroundings 1, no regeneration
a: Heal Wounds


You were on level 4 of the Dungeon.
You were not hungry.

You visited 1 branch of the dungeon, and saw 4 of its levels.

You collected 56 gold pieces.

Inventory:

Hand Weapons
 a - a +0 war axe (weapon)
Armour
 b - a +0 scale mail (worn)
 c - a +0 kite shield (worn)
 i - a +0 helmet (worn)
   (You found it on level 2 of the Dungeon)
Jewellery
 g - a +6 ring of dexterity {unknown}
   (You found it on level 1 of the Dungeon)
Scrolls
 h - a scroll of enchant weapon {unknown}
 j - a scroll of remove curse {unknown}
 l - a scroll of teleportation {unknown}
 m - a scroll of fear {unknown}
Potions
 d - a potion of might
 k - a potion of lignification {unknown}
Comestibles
 e - 4 rations
 f - 5 chunks of flesh


   Skills:
 + Level 3.2 Fighting
 * Level 3.8 Axes
 + Level 3.9 Armour
 + Level 4.0 Shields


You had 3 spell levels left.
You didn't know any spells.
Your spell library was empty.

Dungeon Overview and Level Annotations

Branches:
Dungeon (4/15)
 Temple: D:4-7

Altars:
Wu Jian

Annotations:
D:4 Pikel


Innate Abilities, Weirdness & Mutations

You are resistant to damage.
You can heal yourself by infusing magical energy.
You passively map a small area around you.
You do not regenerate.


Message History

The slave hits you but does no damage.
Pikel hits you with a +1 whip of flaming.
Pikel burns you. The hound barely misses you. The slave hits you.
The slave misses you. Pikel hits you but does no damage.
You barely miss the slave.
The slave is heavily wounded.
You closely miss the slave. You hit the hound but do no damage.
You hit Pikel but do no damage. You block the hound's attack.
You block the slave's attack. x2; You block the hound's attack.
Pikel hits you but does no damage.
You slash the slave!
The slave is almost dead.
You hit Pikel. You closely miss the hound. You closely miss the slave.
The hound bites you.
* * * LOW HITPOINT WARNING * * *
The slave hits you but does no damage. The slave closely misses you.
Pikel zaps a wand.
The puff of flame hits you!
* * * LOW HITPOINT WARNING * * *
You block the hound's attack. The slave hits you.
You die...

, , #..#. .# ,
..#.#.### * .
#.......# , ,
..#*..%....# ,, , ,
..........# , , ,
..##.#.#... , ,
..##..K#h# * , ,
#.#*#pp@.# , ,, #.#
#.p#.# , * ######.#
##.#.# * * , *
#....#.####...# *,
,
,###.##..........#
,*
,,#...<#..........#
, ,
#.##.##.........# ,
,#. #.##.........#
* ., ...........#>#


You could see Pikel, 3 slaves and a hound.

Vanquished Creatures
  A slave (D:4)
  An orc wizard (D:3)
  An orc priest (D:3)
  An iguana (D:4)
  A worm (D:2)
  A dart slug (D:1)
  3 orcs (D:3)
  A giant cockroach (D:1)
  2 goblins
  2 hobgoblins
  6 jackals (D:1)
  A kobold (D:2)
  A rat (D:1)
22 creatures vanquished.

Notes
Turn   | Place    | Note
-------+----------+-------------------------------------------
     0 | D:1      | Flugslaktarn the Deep Dwarf Fighter began the quest for the
                  | Orb.
     0 | D:1      | Reached XP level 1. HP: 20/20 MP: 1/1
    61 | D:1      | Reached XP level 2. HP: 22/27 MP: 2/2
   315 | D:2      | Found an ornate altar of the Wu Jian Council.
   435 | D:3      | Reached XP level 3. HP: 24/33 MP: 2/2
   459 | D:3      | Reached XP level 4. HP: 42/42 MP: 3/3
   498 | D:4      | Noticed a slave
   500 | D:4      | Noticed a slave
   505 | D:4      | Noticed a slave
   507 | D:4      | Noticed Pikel
   508 | D:4      | Noticed a slave
   509 | D:4      | Reached skill level 4 in Shields
   518 | D:4      | Killed a slave
   521 | D:4      | HP: 1/42 [Pikel/puff of flame (10)]
   521 | D:4      | Slain by a slave

Illustrated notes

Levels and vault maps discovered:
D:1:      lemuel_arrival_tunnels, layout_basic, minmay_misc_feat_rugged
D:2:      layout_loops_cross, lemuel_crystal_altar, minmay_misc_feat_x,
          uniq_robin
D:3:      layout_loops_cross, lemuel_doored_altar, tso_metal_star, tgw_trog,
          zin_statuary, st_stairs_4, minmay_fractal_squares_diagonal_5,
          uniq_terence
D:4:      layout_basic, marbit_many_paths, temple_fountains, first_ration,
          guppyfry_shop_venom, uniq_pikel

Skill      XL: |  1  2  3  4 |
---------------+-------------+-----
Axes           | 3 |  3.8
Fighting       | 3 |  3.2
Shields        | 4 |  4.0
Armour         | |  3.9

Action                   |  1- 3 |  4- 6 || total
-------------------------+-------+-------++-------
Melee: War axe           |    64 |    19 ||    83
 Abil: Heal Wounds       |     2 |     2 ||     4
Armor: Scale mail        |    29 |    20 ||    49
Dodge: Dodged            |    27 |    14 ||    41
Block: Kite shield       |    29 |    23 ||    52

Table legend:
 A = Non-vault XP
 B = Vault XP
 C = Vault XP percentage of total XP
 D = Non-vault monster count
 E = Vault monster count
 F = Vault count percentage of total count
                 A         B        C        D         E       F
            +---------+---------+-------+---------+---------+-------
      Total |     158 |       0 |   0.0 |      21 |       0 |   0.0
            +---------+---------+-------+---------+---------+-------
        D:1 |      23 |       0 |   0.0 |      11 |       0 |   0.0
        D:2 |       9 |       0 |   0.0 |       3 |       0 |   0.0
        D:3 |      89 |       0 |   0.0 |       6 |       0 |   0.0
        D:4 |      37 |       0 |   0.0 |       1 |       0 |   0.0
            +---------+---------+-------+---------+---------+-------
